 Dungeon Sprint DCSS version bcrawl-1.18 (webtiles) character file.

Game seed: 12530890440546620560

29269 Freyura the Peltast (level 13, -13/130 HPs)
             Began as a Minotaur Fighter on Nov 3, 2019.
             Was the Champion of the Shining One.
             Mangled by a shambling mangrove (15 damage)
             ... in the Dungeon (Sprint V: "Ziggurat Sprint") on Nov 4, 2019.
             The game lasted 00:22:16 (1327 turns).

Freyura the Peltast (Minotaur Fighter)              Turns: 1327, Time: 00:22:16

Health: -13/130    AC: 34    Str: 20    XL:     13   Next: 14%
Magic:  28/34      EV:  6    Int: 10    God:    the Shining One [******]
Gold:   0          SH: 47    Dex: 25    Spells: 12/12 levels left

rFire    + . .     SeeInvis .   G - +9 sacred scourge (holy)
rCold    + . .     Gourm    .   L - +18 shield of the Gong {rElec rN+ MR+ EV-5}
rNeg     + + +     Faith    .   F - +5 gold dragon scales
rPois    +         Spirit   .   c - +3 hat of Pondering {ponderous, MR+ MP+10 Int+5}
rElec    +         Reflect  .   M - +1 cloak {rPois}
rCorr    +         Harm     .   (no gloves)
MR       ++...     NoTele   +   R - +0 pair of boots {Stlth++}
Stlth    ..........             P - amulet of regeneration
HPRegen  0.71/turn              m - ring "Kitaiwa" {rCorr Dex+3}
MPRegen  0.24/turn              w - +6 ring of dexterity

@: divine shield, afraid, grasped by roots, glowing, constricted, studying 2
skills, slow
A: retaliatory headbutt, horns 2
a: Divine Shield, Cleansing Flame, Summon Divine Warrior, Renounce Religion


You were in the Dungeon.
You worshipped the Shining One.
The Shining One was exalted by your worship.
You were hungry.

You visited 1 branch

Inventory:

Hand Weapons
 b - the +7 mace of Brawling {protect, +Blink rPois}
   (You found it in the Dungeon)

   It grants its wielder temporary protection when it strikes (+7 to AC).
   It protects you from poison.
   It lets you blink.
 G - a +9 sacred scourge of holy wrath (weapon)
 N - the +7 short sword of Laam {freeze, rC+}
   (You found it in the Dungeon)

   It has been specially enchanted to freeze those struck by it, causing extra
   injury to most foes and up to half again as much damage against particularly
   susceptible opponents.
   It can also slow down cold-blooded creatures.
   It protects you from cold.
 O - the +6 shillelagh "Devastator" {shatter}
   (You found it in the Dungeon)
 W - the +7 Spriggan's Knife {stab, EV+4 Stlth+}
   (You found it in the Dungeon)

   It affects your evasion (+4).
   It makes you more stealthy.
Armour
 c - the +3 hat of Pondering (worn) {ponderous, MR+ MP+10 Int+5}
   (You found it in the Dungeon)

   It affects your intelligence (+5).
   It affects your resistance to hostile enchantments.
   It affects your magic capacity (+10).
 F - +5 gold dragon scales (worn)
 L - the +18 shield of the Gong (worn) {rElec rN+ MR+ EV-5}
   (You found it in the Dungeon)

   It affects your evasion (-5).
   It insulates you from electricity.
   It protects you from negative energy.
   It affects your resistance to hostile enchantments.
 M - a +1 cloak of poison resistance (worn)
 R - a +0 pair of boots of stealth (worn)
Jewellery
 m - the ring "Kitaiwa" (left hand) {rCorr Dex+3}
   (You found it in the Dungeon)

   [ring of resist corrosion]

   It affects your dexterity (+3).
   It provides partial protection from all sources of acid and corrosion.
 w - a +6 ring of dexterity (right hand)
 x - a +6 ring of dexterity
 y - a +2 ring of protection
 z - a +4 ring of evasion
 A - a +6 ring of strength
 B - a +6 ring of strength
 H - the ring of Cyit {rElec AC+4 Int+3 Dex-4}
   (You found it in the Dungeon)

   [ring of protection]

   It affects your AC (+4).
   It affects your intelligence (+3).
   It affects your dexterity (-4).
   It insulates you from electricity.
 I - the ring of Robustness {AC+8}
   (You found it in the Dungeon)

   [ring of protection]

   It affects your AC (+8).
 J - a +4 ring of intelligence
 P - an amulet of regeneration (around neck)
 U - a +3 ring of strength
 V - an uncursed ring of stealth
Wands
 C - a wand of disintegration (7)
 D - a wand of iceblast (5)
 E - a wand of acid (7)
Scrolls
 a - 2 scrolls of enchant weapon
 k - 4 scrolls of blinking
 q - 4 scrolls of amnesia
 r - 8 scrolls of fog
 s - 5 scrolls of identify
 t - 5 scrolls of remove curse
 u - 2 scrolls of fear
Potions
 d - 6 potions of might
 e - 7 potions of curing
 g - 12 potions of heal wounds
 h - 6 potions of haste
 i - 7 potions of magic
 j - 3 potions of berserk rage
 l - 2 potions of brilliance
 n - 4 potions of resistance
 p - 5 potions of agility
Books
 K - a manual of Shields
 S - a manual of Long Blades
Miscellaneous
 o - a phial of floods
 v - a lightning rod (4/4)
 T - a lamp of fire
Comestibles
 f - 7 rations {!d}
 Q - 6 chunks of flesh


   Skills:
 + Level 16.6 Fighting
 + Level 16.4 Maces & Flails
 + Level 17.3 Armour
 + Level 15.1 Dodging
 + Level 18.8 Shields
 + Level 16.7 Invocations


You had 12 spell levels left.
You didn't know any spells.
Your spell library was empty.

Dungeon Overview and Level Annotations

Branches:
Dungeon (1/1)

Altars:
Ashenzari
Cheibriados
Dithmenos
Elyvilon
Fedhas
Gozag
Hepliaklqana
Kikubaaqudgha
Lugonu
Makhleb
Nemelex Xobeh
Okawaru
Qazlal
Ru
Sif Muna
Trog
Uskayaw
Vehumet
Wu Jian
Xom
Yredelemnul
Zin
The Shining One
Beogh
Jiyva


Innate Abilities, Weirdness & Mutations

You reflexively headbutt those who attack you in melee.
You have a pair of horns on your head.


Message History

SHROANNG!
You block the thorn hunter's attack.
GONNNNG!
The dryad hits your angel.
The spriggan rider hits you from afar with a +2 trident of protection!
* * * LOW HITPOINT WARNING * * *
Your angel hits the dryad with a +2 whip of holy wrath!
Your angel hits the dryad with a +2 whip of holy wrath.
The roots' grasp on you weakens, but your attempt to escape fails.
The satyr plays a frightful melody on his pipes!
The satyr radiates an aura of fear!
You block the apis's attack.
BOUMMMMG!
The thorn hunter fires a volley of thorns at you.
You block the volley of thorns.
GONNNNG!
Your angel hits the dryad with a +2 whip of holy wrath.
Your angel hits the dryad with a +2 whip of holy wrath!
The spriggan air mage waves its arms in wide circles.
The air twists around and strikes you. The shambling mangrove hits your angel!
You die...

▓..:)[..}...
..)[))})=...▓..[||.)))..
............▓...........
.............▓........†..
.............▓...........
........c....▓...........
......fici. ▓.....†††...
▓...[Aff▓ ▓..▓..†..▓.. ▓
▓▓..Rc@▓▓ ▓...........
▓..▓....Y..▓..▓.....©.....
▓.............▓▓▓▓▓▓▓▓▓▓▓▓
▓......©......▓....8©8....
▓▓▓▓▓▓▓▓▓▓▓▓▓▓▓...|.).::..
▓...)).||... ▓...........
▓........... ▓....)......


You could see an apis, a thorn hunter, 2 shambling mangroves, 3 satyrs, a
spriggan rider, a dryad, a spriggan air mage and a friendly angel.

Vanquished Creatures
  A lich (D)
  2 acid blobs (D)
  A spriggan defender (D)
  A vampire knight (D)
  A purple draconian (D)
  A red draconian (D)
  A white draconian (D)
  5 naga warriors (D)
  2 anacondas (D)
  A vampire mage (D)
  2 skeletal warriors (D)
  A wizard (D)
  A necromancer (D)
  An orc knight (D)
  5 draconians (D)
  5 black mambas (D)
  A guardian serpent (D)
  A naga mage (D)
  2 cane toads (D)
  A troll (D)
  A blink frog (D)
  3 slime creatures (D)
  A raiju (D)
  2 hippogriffs (D)
  A small abomination (D)
  A yak (D)
  A basilisk (D)
  A neqoxec (D)
  A naga (D)
  3 water moccasins (D)
  A floating eye (D)
  5 orc warriors (D)
  2 porcupines (D)
  A phantom (D)
  An eye of draining (D)
  A necrophage (D)
  A bullfrog (D)
  4 scorpions (D)
  3 jellies (D)
  3 orc priests (D)
  An iguana (D)
  An orc wizard (D)
  2 adders (D)
  A river rat (D)
  A shadow imp (D)
  4 oozes (D)
  An orc (D)
  3 ball pythons (D)
  A bat zombie (D)
  A giant cockroach simulacrum (D)
  A jackal skeleton (D)
90 creatures vanquished.

Vanquished Creatures (collateral kills)
  2 death oozes (D)
  A spriggan air mage (D)
  A death yak (D)
  A spriggan (D)
  A skeletal warrior (D)
  3 necromancers (D)
  A troll (D)
  A slime creature (D)
  A hornet (D)
  A shadow (D)
  2 wargs (D)
  A floating eye (D)
  3 orc warriors (D)
  A crocodile (D)
  An ooze (D)
21 creatures vanquished.

Vanquished Creatures (others)
  Grum (D)
  Edmund (D)
  A necrophage (D)
  2 phantoms (D)
  Ijyb (D)
  A bat zombie (D)
  A ball python (D)
  A quokka skeleton (D)
  A lurking horror (D)
10 creatures vanquished.

Grand Total: 121 creatures vanquished

Notes
Turn   | Place    | Note
-------+----------+-------------------------------------------
     0 | D        | Freyura the Minotaur Fighter began the quest for the Orb.
     0 | D        | Reached XP level 1. HP: 19/19 MP: 0/0
     0 | D        | Found a shimmering blue altar of Sif Muna.
     0 | D        | Found a bloodstained altar of Trog.
     0 | D        | Found a sacrificial altar of Ru.
     0 | D        | Found a stormy altar of Qazlal.
     0 | D        | Found an iron altar of Okawaru.
     1 | D        | Found a sparkling altar of Nemelex Xobeh.
     1 | D        | Found a blossoming altar of Fedhas.
     2 | D        | Found the +6 Majin-Bo {vamp, *Drain Str+12 Int+24}
     2 | D        | Found the +7 great mace "Firestarter" {inner flame, rF++}
     3 | D        | Found a transporter.
     3 | D        | Found an ancient bone altar of Kikubaaqudgha.
     3 | D        | Found a viscous altar of Jiyva.
     3 | D        | Found a corrupted altar of Lugonu.
     3 | D        | Found a hazy altar of Hepliaklqana.
     3 | D        | Found a burning altar of Makhleb.
     3 | D        | Found an opulent altar of Gozag.
    28 | D        | Killed Edmund
    42 | D        | Found the +9 heavy crossbow "Sniper" {velocity, Acc+∞ SInv}
    42 | D        | Found the +10 dark maul {crush}
    42 | D        | Found the +15 Maxwell's patent armour {-Cast -Tele rElec
                  | MR+ rCorr}
    42 | D        | Found the +18 shield of the Gong {rElec rN+ MR+ EV-5}
    42 | D        | Found the cursed +14 obsidian axe {chop, +Fly SInv *Curse}
    44 | D        | Found the +6 shillelagh "Devastator" {shatter}
    44 | D        | Found the +11 plutonium sword {*Contam Stlth-}
    44 | D        | Found the +8 lance "Wyrmbane" {slay drac, rPois rF+ rC+
                  | AC+3}
    44 | D        | Found the +9 sword of Zonguldrok {reap}
    44 | D        | Found the cursed +13 scythe of Curses {drain, *Curse}
    44 | D        | Found the +0 sword of Power
    44 | D        | Found the +7 mace of Variability {chain chaos}
    44 | D        | Found the +7 Singing Sword {slice, sonic wave}
    44 | D        | Found the +7 longbow "Piercer" {penet, EV-2}
    58 | D        | Became a worshipper of the Shining One
    61 | D        | Reached skill level 7 in Shields
    61 | D        | Reached XP level 2. HP: 26/26 MP: 1/1
   117 | D        | Entered arena 2.
   117 | D        | Noticed a wizard
   117 | D        | Reached * piety under the Shining One
   117 | D        | Found a transporter.
   121 | D        | Killed a wizard
   121 | D        | Reached skill level 5 in Dodging
   121 | D        | Reached skill level 9 in Shields
   121 | D        | Reached skill level 5 in Invocations
   121 | D        | Reached XP level 3. HP: 39/39 MP: 1/5
   121 | D        | Reached XP level 4. HP: 47/47 MP: 1/6
   121 | D        | Reached XP level 5. HP: 52/52 MP: 1/7
   121 | D        | Reached XP level 6. HP: 60/60 MP: 1/8
   121 | D        | Reached XP level 7. HP: 66/66 MP: 1/9
   129 | D        | Entered arena 3.
   129 | D        | Reached ** piety under the Shining One
   129 | D        | Found a transporter.
   133 | D        | Reached skill level 10 in Armour
   137 | D        | Reached skill level 10 in Shields
   193 | D        | Entered arena 4.
   193 | D        | Noticed a yak
   193 | D        | Found a transporter.
   201 | D        | Killed a yak
   205 | D        | Got the +7 mace of Brawling {protect, +Blink rPois}
   211 | D        | Entered arena 5.
   211 | D        | Reached *** piety under the Shining One
   211 | D        | Found a transporter.
   215 | D        | Reached XP level 8. HP: 69/75 MP: 11/11
   225 | D        | Got the cursed +1 great mace "Ceatt" {freeze, *Corrode MP+9
                  | Stlth+}
   229 | D        | Entered arena 6.
   229 | D        | Reached **** piety under the Shining One
   229 | D        | Noticed a raiju
   229 | D        | Found a transporter.
   234 | D        | Killed a raiju
   234 | D        | Reached skill level 11 in Shields
   238 | D        | Reached ***** piety under the Shining One
   245 | D        | Entered arena 7.
   245 | D        | Noticed a slime creature
   246 | D        | Found a transporter.
   253 | D        | Killed a slime creature
   264 | D        | Got the ring "Kitaiwa" {rCorr Dex+3}
   271 | D        | Entered arena 8.
   272 | D        | Identified the +9 spear of the Wasp {venom, rF+++ MR+ Str+7
                  | Stlth-}
   272 | D        | Found a transporter.
   277 | D        | Reached skill level 10 in Fighting
   277 | D        | Reached XP level 9. HP: 85/85 MP: 14/14
   280 | D        | Reached ****** piety under the Shining One
   280 | D        | Reached skill level 10 in Maces & Flails
   291 | D        | Entered arena 9.
   292 | D        | Found the ring of Robustness {AC+8}
   292 | D        | Identified a +9 sacred scourge of holy wrath (a +7 demon
                  | whip blessed by the Shining One)
   292 | D        | Received a gift from the Shining One
   294 | D        | Found a transporter.
   310 | D        | Got the ring of Cyit {rElec AC+4 Int+3 Dex-4}
   319 | D        | Entered arena 10.
   319 | D        | Noticed a draconian
   319 | D        | Noticed a red draconian
   319 | D        | Noticed a draconian
   319 | D        | Noticed a draconian
   319 | D        | Noticed a draconian
   319 | D        | Noticed a white draconian
   319 | D        | Noticed a draconian
   319 | D        | Noticed a purple draconian
   320 | D        | Identified the +5 flail "Sugh" {venom, rPois Str+3}
   321 | D        | Found a transporter.
   328 | D        | Killed a white draconian
   328 | D        | Reached skill level 12 in Shields
   328 | D        | Reached skill level 10 in Invocations
   338 | D        | Killed a red draconian
   343 | D        | Killed a draconian
   343 | D        | Reached skill level 10 in Dodging
   343 | D        | Reached XP level 10. HP: 50/96 MP: 13/17
   348 | D        | Killed a draconian
   348 | D        | Reached skill level 13 in Shields
   354 | D        | Killed a draconian
   364 | D        | Killed a draconian
   374 | D        | Killed a purple draconian
   378 | D        | Killed Ijyb
   384 | D        | Killed a draconian
   594 | D        | Entered arena 11.
   594 | D        | Noticed a black mamba
   595 | D        | Found a transporter.
   599 | D        | Killed a black mamba
   621 | D        | Entered arena 12.
   621 | D        | Noticed a naga warrior
   621 | D        | Noticed a naga warrior
   621 | D        | Noticed a naga warrior
   621 | D        | Noticed a naga warrior
   621 | D        | Noticed a naga mage
   621 | D        | Noticed a guardian serpent
   622 | D        | Identified the cursed +3 flail of Amortisation {flame, rF+
                  | Stlth+}
   623 | D        | Noticed an anaconda
   623 | D        | Noticed a naga warrior
   627 | D        | Killed an anaconda
   627 | D        | Reached skill level 14 in Shields
   627 | D        | Reached XP level 11. HP: 61/106 MP: 15/20
   640 | D        | Killed a naga warrior
   651 | D        | Killed a naga warrior
   672 | D        | Killed a naga warrior
   685 | D        | Killed a naga warrior
   695 | D        | Killed a naga warrior
   695 | D        | Reached skill level 15 in Shields
   696 | D        | Found a transporter.
   900 | D        | Entered arena 13.
   900 | D        | Noticed a death ooze
   901 | D        | Found the +3 hat of Pondering {ponderous, MR+ MP+10 Int+5}
   901 | D        | Noticed a death ooze
   901 | D        | Noticed an acid blob
   901 | D        | Noticed an acid blob
   904 | D        | Paralysed by a floating eye for 3 turns
   911 | D        | Killed a death ooze
   911 | D        | Reached skill level 15 in Armour
   911 | D        | Killed Grum
   917 | D        | Killed a death ooze
   917 | D        | Reached skill level 15 in Invocations
   918 | D        | Killed an acid blob
   924 | D        | Killed an acid blob
   924 | D        | Reached XP level 12. HP: 63/118 MP: 12/22
   931 | D        | Found a transporter.
   945 | D        | Got the +7 short sword of Laam {freeze, rC+}
  1116 | D        | Entered arena 14.
  1132 | D        | Reached skill level 16 in Shields
  1134 | D        | Reached skill level 15 in Fighting
  1163 | D        | Found a transporter.
  1178 | D        | Entered arena 15.
  1178 | D        | Noticed a vampire mage
  1179 | D        | Noticed a vampire knight
  1180 | D        | Noticed a lich
  1184 | D        | Killed a vampire mage
  1187 | D        | Found a transporter.
  1190 | D        | Killed a lich
  1190 | D        | Reached skill level 15 in Maces & Flails
  1196 | D        | Killed a vampire knight
  1196 | D        | Reached skill level 17 in Shields
  1236 | D        | Entered arena 16.
  1238 | D        | Noticed a death yak
  1242 | D        | Found the +7 Spriggan's Knife {stab, EV+4 Stlth+}
  1248 | D        | Reached skill level 18 in Shields
  1264 | D        | Killed a death yak
  1269 | D        | Reached XP level 13. HP: 107/129 MP: 24/24
  1270 | D        | Found a transporter.
  1289 | D        | Entered arena 17.
  1292 | D        | Noticed a spriggan defender
  1292 | D        | Noticed an apis
  1294 | D        | Noticed a thorn hunter
  1299 | D        | Reached skill level 15 in Dodging
  1324 | D        | The Shining One protects you from harm!
  1325 | D        | Killed a spriggan defender
  1326 | D        | HP: 1/130 [spriggan rider/+2 trident of protection (15)]
  1327 | D        | Mangled by a shambling mangrove

Skill      XL: |  1  2  3  4  5  6  7  8  9 10 11 12 13 |
---------------+----------------------------------------+-----
Armour         | 7 9 10 11 12 14 15 17 | 17.3
Shields        | 7 9 10 11 12 14 15 18 | 18.8
Fighting       | 7 8 10 11 12 14 16 | 16.6
Maces & Flails | 7 8 9 11 12 14 16 | 16.4
Dodging        | 5 7 8 10 11 13 14 15 | 15.1
Invocations    | 5 6 8 11 13 15 16 | 16.7

Action                   |  1- 3 |  4- 6 |  7- 9 | 10-12 | 13-15 || total
-------------------------+-------+-------+-------+-------+-------++-------
Melee: Shillelagh        |     2 |       |    39 |       |       ||    41
       Headbutt          |       |       |    19 |    79 |     3 ||   101
       Sacred scourge    |       |       |    23 |   229 |    25 ||   277
Invok: Divine Shield     |       |       |     2 |     3 |     1 ||     6
       Brand Weapon With |       |       |     1 |       |       ||     1
       Summon Divine War |       |       |       |     2 |     1 ||     3
Evoke: Wand              |       |       |       |     2 |       ||     2
       Lamp of fire      |       |       |       |     1 |       ||     1
  Use: Potion            |     1 |       |     1 |     6 |     6 ||    14
       Scroll            |       |       |     2 |       |       ||     2
  Eat: Chunk             |       |       |       |     2 |       ||     2
Armor: Gold dragon scale |     1 |       |    15 |    49 |    20 ||    85
Dodge: Dodged            |       |       |     1 |    15 |     4 ||    20
Block: Shield            |     1 |       |    91 |   352 |    75 ||   519
